 Dungeon Crawl Stone Soup version 0.31-a0-876-gfe8ebadbca (webtiles) character file.

Game seed: 9451074001202337364

309 Pixllover the Digger (level 6, -3/33 HPs)
             Began as a Gargoyle Earth Elementalist on Oct 13, 2023.
             Killed by divine providence
             ... invoked by an orc priest
              (10 damage)
             ... on level 4 of the Dungeon.
             The game lasted 00:09:35 (4378 turns).

Pixllover the Digger (Gargoyle Earth Elementalist)  Turns: 4378, Time: 00:09:36

Health: -3/33      AC:  8    Str: 12    XL:     6   Next: 41%
Magic:  12/12      EV: 12    Int: 17    God:
Gold:   141        SH:  0    Dex: 10    Spells: 10/13 levels left

rFire   . . .        q - +2 hand axe (venom)
rCold   . . .        (no shield)
rNeg    + . .        a - +0 robe
rPois   ∞            (no helmet)
rElec   +            (no cloak)
rCorr   .            k - +0 pair of gloves
SInv    .            r - +0 pair of boots
Will    .....        (no amulet)
Stlth   ++           (no ring)
HPRegen 0.25/turn    (no ring)
MPRegen 0.13/turn

%: no passive effects
@: weak-willed
A: sickness immunity, AC +4, negative energy resistance 1, electricity
resistance, torment resistance 1, petrification resistance
a: no special abilities


You were on level 4 of the Dungeon.
You visited 1 branch of the dungeon, and saw 5 of its levels.

You collected 141 gold pieces.

Inventory:

Hand Weapons
 q - a +2 hand axe of venom (weapon)
Missiles
 h - 2 poisoned darts (quivered)
 m - 6 atropa-tipped darts
Armour
 a - a +0 robe (worn)
 k - a +0 pair of gloves (worn)
 r - a +0 pair of boots (worn)
Wands
 s - a wand of polymorph (6)
Scrolls
 d - a scroll of silence {unknown}
 e - a scroll of blinking {unknown}
 f - 3 scrolls of identify {unknown}
 i - a scroll of fear {unknown}
 l - 2 scrolls of enchant armour {unknown}
 t - a scroll of summoning {unknown}
Potions
 b - a potion of magic
 g - 2 potions of resistance {unknown}
 j - 2 potions of lignification {unknown}
 n - a potion of cancellation {unknown}
 o - 2 potions of heal wounds {unknown}
 p - 3 potions of curing {unknown}
 u - a potion of attraction {unknown}


   Skills:
 + Level 0.9 Fighting
 + Level 0.7 Maces & Flails
 + Level 2.0 Dodging
 + Level 2.6 Stealth
 + Level 1.1 Unarmed Combat
 + Level 4.0 Spellcasting
 + Level 0.7 Transmutations
 + Level 5.9 Earth Magic


You had 10 spell levels left.
You knew the following spells:

 Your Spells              Type           Power      Damage    Failure   Level
a - Sandblast             Erth           46%        2d11      1%          1
b - Passwall              Tmut/Erth      11%        N/A       6%          2

Your spell library contained the following spells:

 Spells                   Type           Power      Damage    Failure   Level
 Stone Arrow              Conj/Erth      26%        3d8       14%         3
 Petrify                  Tmut/Erth      14%        N/A       36%         4
 Brom's Barrelling Bould  Conj/Erth      13%        2d4       43%         4
 Irradiate                Conj/Tmut      2%         3d12      98%         5
 Sublimation of Blood     Necr           Unusable   N/A       N/A         2

Dungeon Overview and Level Annotations

Branches:
Dungeon (5/15)
 Temple: D:4-7

Altars:
Ashenzari
Makhleb
Nemelex Xobeh
Qazlal
Sif Muna
Trog
Xom
Zin

Shops:
D:3 :


Innate Abilities, Weirdness & Mutations

You are immune to sickness and miasma.
Your stone body is resilient. (AC +4)
You are immune to poison.
You resist negative energy. (rN+)
You are resistant to electric shocks. (rElec)
You are resistant to unholy torment.
You are immune to petrification.


Message History

The orc priest hits you but does no damage.
You closely miss the orc priest.
The orc priest is moderately wounded.
You hit the orc.
The orc is poisoned.
You completely miss something.
You kill the orc!
You hear some strange, mumbled words.
Something tries to affect you, but you resist.
The orc priest hits you with a +0 whip.
You barely miss the orc priest.
The orc priest is moderately wounded.
You closely miss something. Something hits you but does no damage.
The orc priest miscasts a cantrip.
Something hits you but does no damage. The orc priest barely misses you.
You closely miss the orc priest.
The orc priest is moderately wounded.
You hit something.
You hear some strange, mumbled words.
A magic dart appears from out of thin air!
The magic dart hits you.
* * * LOW HITPOINT WARNING * * *
The orc priest barely misses you.
You hit the orc priest.
The orc priest is poisoned.
The orc priest is heavily wounded.
You barely miss something. Something hits you but does no damage.
The orc priest closely misses you.
Unknown command.
You closely miss the orc priest.
The orc priest is severely wounded.
You hit something. Something hits you but does no damage.
The orc priest barely misses you.
Unknown command.
You closely miss the orc priest.
The orc priest is almost dead.
You miss something. Something hits you.
* * * LOW HITPOINT WARNING * * *
The orc priest hits you but does no damage.
Something hits you but does no damage.
The orc priest mumbles some strange prayers to Beogh against you.
Beogh smites you!
You die...

######....)#.#.##.........#
#.....#.#.##.........#
####.....#.#.##....[....#
###...####.#.#.######.....#
.............#.# #.....#
.............#.# #.....#
.............#.######.....######
.............#..)..........#...#
...............)@o.......#.#.#.#
...........#.....{.....#.#.#.#.#
...........#.###.#####.#.#.#.#.#
...........#.#.........#.#.#.#.#
........>..#.#...........#.#.#.#
....######.#.#...........#.#.#.#
....÷..# #.#..<..........#.#.#.#
....##.###.#.............#.#.#.##
....#....#.#.............#.#.#.#.


You could see an orc priest (very poisoned, weak-willed).

Vanquished Creatures
  A scorpion (D:4)
  A jelly (D:4)
  Jessica (D:3)
  A sleepcap (D:4)
  Robin (D:2)
  3 adders
  A worm (D:2)
  7 dart slugs
  7 orcs
  9 bats
  15 endoplasms
  12 goblins
  12 hobgoblins
  6 kobolds
  A quokka (D:1)
  11 ball pythons
  5 frilled lizards
  8 rats
102 creatures vanquished.

Notes
Turn   | Place    | Note
-------+----------+-------------------------------------------
     0 | D:1      | Pixllover the Gargoyle Earth Elementalist began the quest
                  | for the Orb.
     0 | D:1      | Reached XP level 1. HP: 10/10 MP: 3/3
   198 | D:1      | Reached skill level 4 in Earth Magic
   241 | D:1      | Reached XP level 2. HP: 10/15 MP: 5/5
   533 | D:1      | Reached XP level 3. HP: 19/19 MP: 3/6
  1294 | D:2      | Noticed Robin
  1346 | D:2      | Killed Robin
  1415 | D:2      | Reached XP level 4. HP: 22/24 MP: 5/8
  1487 | D:2      | Reached skill level 1 in Unarmed Combat
  1771 | D:2      | Identified the +2 dagger "Meiddo" {heavy, rC+}
  2125 | D:3      | Learned a level 2 spell: Passwall
  2360 | D:3      | Noticed Jessica
  2364 | D:3      | Killed Jessica
  2365 | D:3      | Reached skill level 5 in Earth Magic
  2365 | D:3      | Reached XP level 5. HP: 28/28 MP: 7/9
  2774 | D:3      | Found Orunt's Vocational Training.
  3128 | D:3      | Found a faded altar of an unknown god.
  3717 | D:4      | Reached XP level 6. HP: 25/33 MP: 7/11
  3945 | D:4      | Found a bloodstained altar of Trog.
  3946 | D:4      | Found a glowing silver altar of Zin.
  3948 | D:4      | Found a burning altar of Makhleb.
  3948 | D:4      | Found a stormy altar of Qazlal.
  3948 | D:4      | Found a shimmering blue altar of Sif Muna.
  3950 | D:4      | Found a broken altar of Ashenzari.
  3950 | D:4      | Found a sparkling altar of Nemelex Xobeh.
  3951 | D:4      | Found a shimmering altar of Xom.
  4367 | D:5      | Entered Level 5 of the Dungeon
  4378 | D:4      | Killed from afar by an orc priest

Illustrated notes

Levels and vault maps discovered:
D:1:      dpeg_arrival_boxes_within_box, layout_loops_ring,
          minmay_shallow_snake_nest
D:2:      layout_basic, uniq_robin
D:3:      layout_basic, chequers_ecumenical_altar_lobes,
          nicolae_shop_vocational, uniq_jessica
D:4:      layout_basic, grunt_temple_overflow_open
D:5:      layout_rooms, serial_shops, nicolae_diamond_shop

Skill      XL: |  1  2  3  4  5  6 |
---------------+-------------------+-----
Earth Magic    | 4 5 |  5.9
Unarmed Combat | 1 |  1.1
Spellcasting   | 3 4 |  4.0
Dodging        | 2 |  2.0
Fighting       | |  0.9
Maces & Flails | |  0.7
Stealth        | |  2.6
Transmutations | |  0.7

Action                     |  1- 3 |  4- 6 || total
---------------------------+-------+-------++-------
  Melee: Unarmed           |    30 |       ||    30
         Punch             |     2 |     1 ||     3
         Club              |       |    48 ||    48
         Hand axe          |       |    22 ||    22
   Cast: Sandblast         |    44 |    64 ||   108
    Use: Scroll            |       |     1 ||     1
   Stab: Sleeping          |       |     3 ||     3
 Armour: Robe              |    31 |    74 ||   105
  Dodge: Dodged            |    28 |    64 ||    92

Table legend: (Time is in decaauts)
 A = Elapsed time spent in this place.
 B = Non-inter-level travel time spent in this place.
 C = Inter-level travel time spent in this place.
 D = Time resting spent in this place.
 E = Time spent auto-exploring this place.
 F = Levels seen in this place.
 G = Mean time per level.
                   A        B        C        D        E       F      G
               +--------+--------+--------+--------+--------+-----+--------+
         Total |   4451 |   4286 |    165 |    189 |   3071 |   5 |  890.2 |
       Dungeon |   4451 |   4286 |    165 |    189 |   3071 |   5 |  890.2 |
               +--------+--------+--------+--------+--------+-----+--------+

Top non-repeatable levels by time:
     D:1: 1238 daAuts
     D:3: 1218 daAuts
     D:4: 1091 daAuts
     D:2: 897 daAuts
     D:5: 4 daAuts
